 Dungeon Crawl Stone Soup version 0.19.5 (webtiles) character file.

10208 McKennaii the Thaumaturge (level 11, 0/57 HPs)
             Began as a Deep Elf Fire Elementalist on May 22, 2017.
             Was an Elder of Vehumet.
             Killed themself with a badly aimed fireball (14 damage)
             ... on level 11 of the Dungeon.
             The game lasted 00:31:32 (12697 turns).

McKennaii the Thaumaturge (DEFE)                   Turns: 12697, Time: 00:31:33

Health: 0/57       AC:  9    Str:  2    XL:     11   Next: 33%
Magic:  24/39      EV: 13    Int: 26    God:    Vehumet [****..]
Gold:   417        SH:  0    Dex: 15    Spells: 5 memorised, 24 levels left

rFire  + + .     SeeInvis .     A - staff of conjuration
rCold  . . .     Gourm    .     F - +1 leather armour {rF+}
rNeg   . . .     Faith    .     (no shield)
rPois  .         Spirit   .     (no helmet)
rElec  .         Reflect  .     (no cloak)
rCorr  .         Harm     .     w - +2 pair of gloves
MR     +....                    n - +1 pair of boots "Asaar" {+Inv Str-3 Int+2}
Stlth  +++.......               (no amulet)
                                z - ring of magical power
                                B - ring of protection from fire

@: no status effects
A: no striking features
a: Renounce Religion, Evoke Invisibility


You were on level 11 of the Dungeon.
You worshipped Vehumet.
Vehumet was greatly pleased with you.
You were not hungry.

You visited 2 branches of the dungeon, and saw 12 of its levels.

You collected 556 gold pieces.
You spent 139 gold pieces at shops.

Inventory:

Hand Weapons
 l - a +3 short sword
Armour
 n - the +1 pair of boots "Asaar" (worn) {+Inv Str-3 Int+2}
   (You found it on level 6 of the Dungeon)

   It affects your strength (-3).
   It affects your intelligence (+2).
   It lets you turn invisible.
 w - a +2 pair of gloves (worn)
 F - a +1 leather armour of fire resistance (worn)
Magical Staves
 A - an uncursed staff of conjuration (weapon)
Jewellery
 z - a ring of magical power (right hand)
 B - a ring of protection from fire (left hand)
Wands
 a - a wand of random effects (2/48)
Scrolls
 b - a scroll of enchant weapon {unknown}
 d - 3 scrolls of identify
 e - 3 scrolls of remove curse
 h - 2 scrolls of enchant armour
 j - 2 scrolls of fog
 o - 3 scrolls of amnesia
 t - 2 scrolls of teleportation
 v - 2 scrolls of fear
 y - a scroll of blinking {unknown}
Potions
 g - 3 potions of agility
 i - a potion of brilliance
 k - 3 potions of curing
 m - a potion of cancellation {unknown}
 p - a potion of invisibility
 q - 4 potions of flight
 r - a potion of magic
 s - a potion of lignification {unknown}
 D - a potion of haste {unknown}
Comestibles
 c - 5 bread rations
 f - 3 beef jerkies
 u - 3 meat rations
 x - 4 chunks of flesh
 C - a royal jelly


   Skills:
 + Level 2.1 Fighting
 + Level 1.8 Short Blades
 + Level 1.1 Staves
 + Level 2.1 Armour
 + Level 5.1 Dodging
 + Level 4.3 Stealth
 + Level 13.1 Spellcasting
 + Level 10.2 Conjurations
 + Level 10.7 Fire Magic


You had 24 spell levels left.
You knew the following spells:

 Your Spells              Type           Power        Failure   Level  Hunger
a - Flame Tongue          Conj/Fire      #####        1%          1    None
b - Throw Flame           Conj/Fire      ######       1%          2    None
c - Conjure Flame         Conj/Fire      #######.     1%          3    None
d - Sting                 Conj/Pois      ####         1%          1    None
f - Fireball              Conj/Fire      #######...   1%          5    ##.....


Dungeon Overview and Level Annotations

Branches:
Dungeon (11/15)            Temple (1/1) D:5            Lair (0/6) D:8
    Orc: D:9-12

Altars:
Ashenzari
Cheibriados
Dithmenos
Elyvilon
Fedhas
Gozag
Hepliaklqana
Kikubaaqudgha
Makhleb
Nemelex Xobeh
Okawaru
Qazlal
Ru
Sif Muna
Trog
Uskayaw
Vehumet
Xom
Yredelemnul
Zin
The Shining One
Lugonu

Shops:
D:4 %   D:5 *


Message History

Confirm with . or Enter, or press ? or * to list all spells.
You don't know that spell.
You hit something but do no damage. Something hits you but does no damage.
Casting: Fireball
Confirm with . or Enter, or press ? or * to list all spells.
Aiming: Fireball
Press: ? - help, Shift-Dir - straight line You feel a surge of power!
The fireball explodes!
You hear a shout!
Casting: Fireball
Confirm with . or Enter, or press ? or * to list all spells.
Aiming: Fireball
Press: ? - help, Shift-Dir - straight line You feel a surge of power!
The fireball explodes!
The fireball engulfs something.
Vehumet accepts your kill.
Reactivating autopickup.
Your Spellcasting skill increases to level 13!
You feel a bit more experienced. The fireball engulfs you! You resist.
You die...

.#####.#..# ..........#
#..# .#######.## #.. ###
#.# #.. ... #.# #.###.#
#.# #..##.# #.# ##...#.#
#.##########......#
#........@........#
#############............
##..########. #..# #..#
#..# #..# #..#


There were no monsters in sight!

Vanquished Creatures
  The ghost of GordonOverkill the Cleaver, a journeyman MiWr of Okawaru (D:11)
  An unseen horror (D:11)
  An elephant (D:8)
  Grinder (D:3)
  A hornet (D:10)
  A hippogriff (D:8)
  4 yaks (D:10)
  3 wyverns
  2 hungry ghosts
  2 water moccasins (D:10)
  5 sky beasts
  8 orc warriors
  7 ogres
  3 phantoms
  5 black bears
  An ice beast (D:10)
  4 centaurs
  3 crocodiles
  8 bullfrogs
  2 big kobolds
  A wyvern zombie (D:10)
  A water moccasin zombie (D:5)
  5 scorpions
  10 killer bees
  5 wights (D:8)
  3 howler monkeys
  2 crimson imps (D:6)
  A bullfrog zombie (D:7)
  2 quasits
  2 bullfrog skeletons
  4 hounds
  4 jellies
  5 orc priests
  3 iguanas
  10 orc wizards
  7 worker ants
  A killer bee zombie (D:10)
  4 gnolls (D:5)
  A howler monkey skeleton (D:7)
  12 adders
  2 shadow imps
  An adder skeleton (D:5)
  6 worms
  5 dart slugs
  4 leopard geckos
  79 orcs
  3 ball pythons
  12 bats
  7 giant cockroaches
  8 goblins
  10 hobgoblins
  8 jackals
  5 quokkas
  7 frilled lizards
  19 kobolds
  A leopard gecko skeleton (D:9)
  A quokka skeleton (D:9)
  5 rats
  A spectral orc (D:6)
330 creatures vanquished.

Notes
Turn   | Place    | Note
-------+----------+-------------------------------------------
     0 | D:1      | McKennaii the Deep Elf Fire Elementalist began the quest for the Orb.
     0 | D:1      | Reached XP level 1. HP: 10/10 MP: 6/6
   424 | D:1      | Reached XP level 2. HP: 10/15 MP: 5/8
   913 | D:2      | Reached XP level 3. HP: 18/19 MP: 6/10
  1336 | D:1      | Learned a level 2 spell: Throw Flame
  1340 | D:1      | Learned a level 3 spell: Conjure Flame
  1600 | D:2      | Reached skill level 4 in Spellcasting
  1831 | D:2      | Found a shimmering altar of Xom.
  1892 | D:2      | Reached XP level 4. HP: 24/24 MP: 8/12
  2328 | D:3      | Found a faded altar of an unknown god.
  2512 | D:2      | Found a blossoming altar of Fedhas.
  2549 | D:3      | Reached XP level 5. HP: 28/28 MP: 3/13
  2849 | D:3      | Noticed Grinder
  2881 | D:3      | Killed Grinder
  2881 | D:3      | Reached skill level 1 in Fighting
  2881 | D:3      | Reached skill level 5 in Spellcasting
  2881 | D:3      | Reached skill level 5 in Fire Magic
  2881 | D:3      | Reached XP level 6. HP: 29/34 MP: 2/16
  2931 | D:3      | Learned a level 5 spell: Fireball
  2963 | D:3      | Reached skill level 1 in Short Blades
  2963 | D:3      | Reached skill level 6 in Spellcasting
  3179 | D:3      | Reached XP level 7. HP: 38/38 MP: 0/18
  3928 | D:4      | Reached skill level 7 in Spellcasting
  3947 | D:4      | Found Wiykkexeh's Food Boutique.
  4068 | D:4      | Found a sparkling altar of Nemelex Xobeh.
  4187 | D:5      | Entered Level 5 of the Dungeon
  4250 | D:5      | Found a glowing silver altar of Zin.
  4256 | D:5      | Found a bloodstained altar of Trog.
  4345 | D:5      | Found a hazy altar of Hepliaklqana.
  4425 | D:5      | Found a white marble altar of Elyvilon.
  4528 | D:5      | Found an iron altar of Okawaru.
  4528 | D:5      | Found a glowing golden altar of the Shining One.
  4813 | D:5      | Found Dixo Nubo's Assorted Antiques.
  4821 | D:5      | Bought a scroll labeled UMIETE ILOKH for 29 gold pieces
  4821 | D:5      | Bought a coppery potion for 26 gold pieces
  4821 | D:5      | Bought a scroll labeled UMIETE ILOKH for 29 gold pieces
  4821 | D:5      | Bought a scroll labeled NEYRGH BIUMPE for 29 gold pieces
  4821 | D:5      | Bought a yellow potion for 26 gold pieces
  5048 | D:6      | Reached XP level 8. HP: 43/43 MP: 14/21
  5054 | D:6      | Reached skill level 5 in Conjurations
  5145 | D:6      | Reached skill level 8 in Spellcasting
  5686 | D:6      | Found a sparkling altar of Nemelex Xobeh.
  5751 | D:6      | Found a basalt altar of Yredelemnul.
  5801 | D:6      | Found a blossoming altar of Fedhas.
  5927 | D:6      | Reached skill level 9 in Spellcasting
  6457 | D:6      | Reached XP level 9. HP: 47/47 MP: 16/24
  7194 | D:5      | Found a staircase to the Ecumenical Temple.
  7361 | D:5      | Reached skill level 1 in Staves
  7373 | Temple   | Entered the Ecumenical Temple
  7410 | Temple   | Became a worshipper of Vehumet
  7598 | D:6      | Got a pair of encrusted boots
  7604 | D:6      | Identified the +1 pair of boots "Asaar" {+Inv Str-3 Int+2} (You found it on level 6 of the Dungeon)
  7967 | D:7      | Reached skill level 10 in Spellcasting
  8187 | D:7      | Found a sacrificial altar of Ru.
  8534 | D:8      | Reached * piety under Vehumet
  8534 | D:8      | Offered knowledge of Sting by Vehumet.
  8580 | D:7      | Learned a level 1 spell: Sting
  9006 | D:8      | Reached XP level 10. HP: 53/53 MP: 10/26
  9170 | D:8      | Lost strength.
  9206 | D:8      | Reached skill level 11 in Spellcasting
  9208 | D:8      | Noticed an elephant
  9236 | D:8      | Killed an elephant
  9621 | D:8      | Offered knowledge of Throw Frost by Vehumet.
  9635 | D:8      | Reached ** piety under Vehumet
  9876 | D:8      | Reached skill level 1 in Armour
  9920 | D:8      | Found a staircase to the Lair.
 10311 | D:8      | Reached skill level 5 in Dodging
 10374 | D:8      | Identified a scroll of acquirement
 10375 | D:8      | Got a slimy brass amulet
 10376 | D:8      | Identified the amulet "Lorruqadi" {Spirit *Slow +Fly MP+9 Int-4} (You acquired it on level 8 of the Dungeon)
 10556 | D:9      | Found an opulent altar of Gozag.
 11299 | D:10     | Entered Level 10 of the Dungeon
 11452 | D:10     | Offered knowledge of Stone Arrow by Vehumet.
 11515 | D:10     | Reached *** piety under Vehumet
 11519 | D:10     | Reached skill level 12 in Spellcasting
 11688 | D:10     | Offered knowledge of Throw Icicle by Vehumet.
 11722 | D:10     | Reached skill level 10 in Fire Magic
 12058 | D:10     | Reached XP level 11. HP: 57/57 MP: 29/29
 12225 | D:10     | Reached **** piety under Vehumet
 12310 | D:11     | Noticed a white ugly thing
 12315 | D:11     | Noticed GordonOverkill's ghost (journeyman MiWr)
 12320 | D:11     | Killed GordonOverkill's ghost
 12320 | D:11     | Reached skill level 10 in Conjurations
 12697 | D:11     | Killed an unseen horror
 12697 | D:11     | Reached skill level 13 in Spellcasting
 12697 | D:11     | Killed themself with a badly aimed fireball

Skill      XL: |  1  2  3  4  5  6  7  8  9 10 11 |
---------------+----------------------------------+-----
Fire Magic     | 4 5 6 7 8 10 | 10.7
Spellcasting   | 4 5 6 7 9 10 12 13 | 13.1
Conjurations   | 2 3 4 6 8 9 10 | 10.2
Fighting       | 1 2 |  2.1
Stealth        | 3 4 |  4.3
Short Blades   | 1 |  1.8
Dodging        | 3 4 5 |  5.1
Staves         | 1 |  1.1
Armour         | 1 2 |  2.1

Action                   |  1- 3 |  4- 6 |  7- 9 | 10-12 || total
-------------------------+-------+-------+-------+-------++-------
Melee: Dagger            |    10 |       |       |       ||    10
       Unarmed           |     1 |       |       |       ||     1
       Short sword       |       |     5 |    52 |       ||    57
       Staff             |       |       |    40 |     1 ||    41
 Cast: Flame Tongue      |    65 |    61 |   254 |   189 ||   569
       Throw Flame       |    15 |    30 |   118 |    91 ||   254
       Conjure Flame     |       |       |     5 |    10 ||    15
       Fireball          |       |       |     6 |    21 ||    27
  Use: Scroll            |       |       |    14 |     8 ||    22
  Eat: Chunk             |     3 |     4 |    15 |     8 ||    30
       Pizza             |       |       |     2 |       ||     2
       Beef jerky        |       |       |     1 |       ||     1
       Meat ration       |       |       |       |     1 ||     1
Armor: Robe              |    11 |     3 |    58 |       ||    72
       Leather armour    |       |       |     1 |    31 ||    32
Dodge: Dodged            |    61 |    11 |   180 |    41 ||   293
